 Dungeon Crawl Stone Soup version 0.23.1 (webtiles) character file.

Game seed: 13756151917458113763

4633 Borgoz the Basher (level 10, -3/61 HPs)
             Began as a Gargoyle Fighter on Mar 9, 2019.
             Slain by a deep troll (11 damage)
             ... on level 9 of the Dungeon.
             The game lasted 00:12:43 (7675 turns).

Borgoz the Basher (Gargoyle Fighter)                Turns: 7675, Time: 00:12:43

Health: -3/61      AC: 20    Str: 26    XL:     10   Next: 43%
Magic:  13/13      EV: 10    Int: 10    God:
Gold:   395        SH: 11    Dex: 10    Spells: 9/13 levels left

rFire    . . .     SeeInvis .   a - +1 flail
rCold    . . .     Gourm    .   c - +0 shield
rNeg     + . .     Faith    .   q - +3 scale mail
rPois    ∞         Spirit   .   r - +0 helmet
rElec    +         Reflect  .   (no cloak)
rCorr    .         Harm     .   j - +0 pair of gloves
MR       .....                  (no boots)
Stlth    ..........             (no amulet)
HPRegen  0.20/turn              (no ring)
MPRegen  0.13/turn              (no ring)

@: mighty, flying
A: negative energy resistance 1, electricity resistance, unbreathing,
petrification resistance, rot immunity, AC +7
a: no special abilities


You were on level 9 of the Dungeon.
You were not hungry.

You visited 2 branches of the dungeon, and saw 10 of its levels.
You also visited: Sewer.

You collected 395 gold pieces.

Inventory:

Hand Weapons
 a - a +1 flail (weapon)
 m - a +0 blowgun
Missiles
 t - 18 poisoned needles
Armour
 c - a +0 shield (worn)
 j - a +0 pair of gloves (worn)
 q - a +3 scale mail (worn)
 r - a +0 helmet (worn)
 I - a +0 cloak
Jewellery
 l - an uncursed ring of ice
 x - an uncursed ring of ice
 K - an uncursed ring of protection from cold {unknown}
 L - a +2 ring of slaying {unknown}
 O - an uncursed amulet of harm {unknown}
Wands
 D - a wand of iceblast (11)
Scrolls
 i - 8 scrolls of remove curse
 k - 6 scrolls of fog
 s - 4 scrolls of teleportation
 v - 2 scrolls of amnesia
 w - a scroll of enchant weapon
 y - 2 scrolls of random uselessness {unknown}
 z - 10 scrolls of identify
 A - 2 scrolls of immolation {unknown}
 B - a scroll of enchant armour {unknown}
 G - 3 scrolls of fear
 H - a scroll of blinking {unknown}
 N - 3 scrolls of noise {unknown}
Potions
 b - 4 potions of curing
 d - a potion of might
 e - 2 potions of resistance
 g - a potion of agility {unknown}
 h - a potion of heal wounds {unknown}
 n - a potion of haste {unknown}
 o - a potion of magic {unknown}
 p - 2 potions of berserk rage {unknown}
 u - 2 potions of flight
 C - a potion of cancellation {unknown}
 E - a potion of lignification {unknown}
 F - a potion of ambrosia {unknown}
 J - a potion of mutation {unknown}
Comestibles
 f - 14 rations
 M - 7 chunks of flesh


   Skills:
 + Level 6.6 Fighting
 + Level 9.8 Maces & Flails
 + Level 6.9 Armour
 + Level 3.6 Dodging
 - Level 0.8 Stealth
 + Level 7.5 Shields
 + Level 2.1 Spellcasting
 + Level 2.0 Hexes


You had 9 spell levels left.
You knew the following spells:

 Your Spells              Type           Power        Failure   Level  Hunger
a - Confusing Touch       Hex            #.....       58%         1    ##.....
b - Confuse               Hex            #.......     91%         3    ####...

Your spell library contained the following spells:

 Spells                   Type           Power        Failure   Level  Hunger
 Animate Skeleton         Necr           N/A          86%         1    ##.....
 Apportation              Tloc           #.....       86%         1    ##.....
 Summon Small Mammal      Summ           #...         86%         1    ##.....
 Call Imp                 Summ           #.......     95%         2    ###....
 Summon Guardian Golem    Hex/Summ       #.......     98%         3    ####...
 Call Canine Familiar     Summ           #.......     99%         3    ####...
 Gell's Gravitas          Tloc           #.........   99%         3    ####...
 Petrify                  Tmut/Erth      #.......     100%        4    #####..
 Summon Ice Beast         Ice/Summ       #.......     100%        4    #####..
 Summon Lightning Spire   Summ/Air       #.......     100%        4    #####..
 Metabolic Englaciation   Hex/Ice        #.........   100%        5    ######.
 Yara's Violent Unravell  Hex/Tmut       #.........   100%        5    ######.


Dungeon Overview and Level Annotations

Branches:
Dungeon (9/15)             Temple (1/1) D:5            Lair (0/6) D:9
    Orc: D:9-12

Altars:
Ashenzari
Cheibriados
Dithmenos
Elyvilon
Fedhas
Gozag
Hepliaklqana
Kikubaaqudgha
Makhleb
Nemelex Xobeh
Okawaru
Qazlal
Ru
Sif Muna
Trog
Uskayaw
Vehumet
Wu Jian
Xom
Yredelemnul
The Shining One

Shops:
D:5 (   D:8 %%:


Innate Abilities, Weirdness & Mutations

You are resistant to torment.
Your stone body is resilient. (AC +7)
You are immune to poison.
You resist negative energy. (rN+)
You are resistant to electric shocks. (rElec)
You can survive without breathing.
You are immune to petrification.
You are immune to rotting.


Message History

The deep troll is heavily wounded.
You block the deep troll's attack. The deep troll claws you!
You block the deep troll's attack. You block the scorpion's attack.
You barely miss the deep troll.
The deep troll is heavily wounded.
The deep troll bites you!
The deep troll claws you but does no damage.
The deep troll claws you! You block the scorpion's attack.
You are too injured to fight recklessly!
You are too injured to fight recklessly!
You are too injured to fight recklessly!
You thump the deep troll!
The deep troll is severely wounded.
You block the deep troll's attack. x2; The deep troll claws you!
* * * LOW HITPOINT WARNING * * *
The scorpion stings you but does no damage.
It was a potion of flight.
You feel very buoyant.
You fly up into the air.
The deep troll bites you!
You die...

#......##....[.##...##......
#..(...........###+###....÷P
#...........................
#.........................PP
#..........................P
#...#####..##..##.####.####P
######.##..######.####.##..#
#.......................
#......@............>...
#......sT...............
#..........÷.......##...
#..........†.>##...##...
#.......#.....##...##...
##......########........
#.....## #......... ......
#(........ ... ##...##...


You could see a deep troll and a scorpion.

Vanquished Creatures
  5 yaks
  5 porcupines (D:9)
  A sky beast (D:9)
  5 ogres
  A phantom (D:4)
  2 black bears
  4 ice beasts
  3 centaurs
  A big kobold (Sewer)
  Blork the orc (D:6)
  3 bullfrogs
  A gnoll sergeant (D:6)
  A water moccasin zombie (D:5)
  4 scorpions
  4 killer bees (D:8)
  3 wights (D:6)
  3 howler monkeys (D:9)
  A centaur zombie (D:7)
  A crimson imp (D:7)
  3 jellies
  3 hounds
  An orc priest (D:6)
  2 orc wizards
  2 bullfrog skeletons (D:5)
  2 iguanas
  10 worker ants
  A worker ant zombie (D:6)
  Robin (D:2)
  4 gnolls (D:6)
  10 adders
  A howler monkey skeleton (D:6)
  2 shadow imps
  4 oozes
  2 dart slugs
  7 leopard geckos
  11 orcs
  A bat (D:1)
  A giant cockroach (D:2)
  14 goblins
  10 hobgoblins
  7 jackals
  9 kobolds
  4 quokkas
  2 ball pythons
  3 frilled lizards (D:2)
  A quokka skeleton (D:6)
  6 rats
  A fungus (D:9)
174 creatures vanquished.

Vanquished Creatures (others)
  4 fungi (D:9)
4 creatures vanquished.

Grand Total: 178 creatures vanquished

Notes
Turn   | Place    | Note
-------+----------+-------------------------------------------
     0 | D:1      | Borgoz the Gargoyle Fighter began the quest for the Orb.
     0 | D:1      | Reached XP level 1. HP: 14/14 MP: 1/1
   344 | D:1      | Reached XP level 2. HP: 19/19 MP: 2/2
  1006 | D:2      | Reached XP level 3. HP: 17/24 MP: 3/3
  1033 | D:2      | Found a radiant altar of Vehumet.
  1037 | D:2      | Found a basalt altar of Yredelemnul.
  1041 | D:2      | Found a white marble altar of Elyvilon.
  1046 | D:2      | Found a shimmering altar of Xom.
  1046 | D:2      | Found a shadowy altar of Dithmenos.
  1050 | D:2      | Found a hazy altar of Hepliaklqana.
  1307 | D:2      | Noticed Robin
  1364 | D:2      | Reached XP level 4. HP: 13/29 MP: 4/4
  1369 | D:2      | Killed Robin
  1809 | D:3      | Found a glowing drain.
  1890 | Sewer    | Entered a sewer
  1963 | Sewer    | Reached skill level 3 in Maces & Flails
  2044 | Sewer    | Noticed a big kobold
  2062 | Sewer    | Killed a big kobold
  2062 | Sewer    | Reached skill level 1 in Dodging
  2062 | Sewer    | Reached XP level 5. HP: 27/33 MP: 5/5
  2389 | D:3      | Reached skill level 4 in Maces & Flails
  2632 | D:3      | Found an ornate altar of the Wu Jian Council.
  2928 | D:3      | Reached XP level 6. HP: 38/38 MP: 6/6
  3064 | D:4      | Found a deep blue altar of Sif Muna.
  3290 | D:4      | Noticed a phantom
  3299 | D:4      | Killed a phantom
  3406 | D:4      | Reached skill level 5 in Maces & Flails
  3435 | D:4      | Reached XP level 7. HP: 35/43 MP: 7/7
  3593 | D:5      | Entered Level 5 of the Dungeon
  3662 | D:5      | Reached skill level 5 in Shields
  3755 | D:5      | Reached skill level 6 in Maces & Flails
  3930 | D:5      | Found a staircase to the Ecumenical Temple.
  3944 | Temple   | Entered the Ecumenical Temple
  4358 | D:5      | Reached XP level 8. HP: 43/48 MP: 8/8
  4403 | D:5      | Reached skill level 7 in Maces & Flails
  4520 | D:5      | Found Miurydoc's Weapon Shoppe.
  4665 | D:5      | Reached skill level 5 in Armour
  4837 | D:6      | Reached skill level 5 in Fighting
  4929 | D:6      | Reached skill level 8 in Maces & Flails
  4933 | D:6      | Reached XP level 9. HP: 20/54 MP: 9/9
  5225 | D:6      | Noticed Blork the orc
  5253 | D:6      | Killed Blork the orc
  6088 | D:7      | Reached skill level 9 in Maces & Flails
  6568 | D:7      | Learned a level 1 spell: Confusing Touch
  6572 | D:7      | Learned a level 3 spell: Confuse
  6708 | D:8      | Found Paohetiu's Food Shop.
  6775 | D:8      | Found Itwog's Food Shoppe.
  6888 | D:8      | Reached XP level 10. HP: 51/60 MP: 9/11
  6894 | D:8      | Reached skill level 1 in Hexes
  6902 | D:8      | Reached skill level 1 in Spellcasting
  7025 | D:8      | Found Cacs's Book Emporium.
  7166 | D:9      | Found a staircase to the Lair.
  7659 | D:9      | Noticed a deep troll
  7675 | D:9      | Slain by a deep troll

Skill      XL: |  1  2  3  4  5  6  7  8  9 10 |
---------------+-------------------------------+-----
Shields        | 4 5 7 |  7.5
Fighting       | 4 5 6 |  6.6
Maces & Flails | 3 4 5 6 8 9 |  9.8
Dodging        | 1 2 3 |  3.6
Armour         | 4 5 6 |  6.9
Hexes          | 2 |  2.0
Spellcasting   | 2 |  2.1
Stealth        | |  0.8

Action                   |  1- 3 |  4- 6 |  7- 9 | 10-12 || total
-------------------------+-------+-------+-------+-------++-------
Melee: Flail             |   147 |   172 |   420 |   138 ||   877
  Use: Scroll            |       |     8 |       |       ||     8
       Potion            |       |       |     1 |     2 ||     3
  Eat: Chunk             |     1 |     7 |    12 |     3 ||    23
Armor: Scale mail        |   107 |    94 |   205 |    74 ||   480
Dodge: Dodged            |    67 |    40 |   133 |    32 ||   272
Block: Shield            |   115 |    80 |   203 |    66 ||   464
